 Dungeon Crawl Stone Soup version 0.30.1 (webtiles) character file.

Game seed: 8579271209244929185

1298 safid the Chiller (level 8, 0/59 (64) HPs)
             Began as a Merfolk Ice Elementalist on July 13, 2023.
             Slain by a wight
             ... wielding a +2 long sword of electrocution
              (6 damage)
             ... on level 6 of the Dungeon.
             The game lasted 00:09:42 (5452 turns).

safid the Chiller (Merfolk Ice Elementalist)        Turns: 5452, Time: 00:09:43

HP:   0/59 (64)     AC: 15    Str: 14    XL:     8   Next: 56%
MP:   8/16          EV: 13    Int: 17    God:
Gold: 28            SH:  0    Dex: 20    Spells: 11/18 levels left

rFire   . . .        j - +2 whip (elec)
rCold   . . .        (no shield)
rNeg    . . .        a - +0 robe
rPois   .            l - +0 helmet
rElec   .            r - +1 cloak {Stlth+}
rCorr   .            y - +2 pair of gloves
SInv    .            (no boots)
Will    .....        (no amulet)
Stlth   +++          n - +6 ring of dexterity
HPRegen 0.29/turn    t - +6 ring of strength
MPRegen 0.15/turn

%: no passive effects
@: ice-armoured, freezing walls, drained
A: (nimble swimmer 2), mertail
a: no special abilities


You were on level 6 of the Dungeon.
You visited 1 branch of the dungeon, and saw 6 of its levels.

You collected 394 gold pieces.
You spent 366 gold pieces at shops.

Inventory:

Hand Weapons
 c - a +2 dagger of venom
 j - a +2 whip of electrocution (weapon)
Armour
 a - a +0 robe (worn)
 l - a +0 helmet (worn)
 r - a +1 cloak of stealth (worn)
 y - a +2 pair of gloves (worn)
Jewellery
 n - a +6 ring of dexterity (left hand)
 t - a +6 ring of strength (right hand)
Wands
 s - a wand of flame (38)
 v - a wand of polymorph (3)
Scrolls
 d - a scroll of poison
 g - 2 scrolls of amnesia
 i - 5 scrolls of teleportation
 k - 2 scrolls of immolation
 m - a scroll of fog
 p - 2 scrolls of enchant armour
 u - a scroll of noise
 w - a scroll of brand weapon {unknown}
 x - a scroll of magic mapping {unknown}
 A - a scroll of identify
Potions
 b - a potion of magic
 e - 2 potions of brilliance {unknown}
 f - 3 potions of curing
 h - a potion of flight {unknown}
 o - 2 potions of attraction {unknown}
 q - 3 potions of heal wounds
 z - a potion of degeneration {unknown}


   Skills:
 + Level 6.2 Fighting
 - Level 2.6 Dodging
 - Level 2.1 Stealth
 + Level 5.6 Spellcasting
 + Level 7.7 Ice Magic


You had 11 spell levels left.
You knew the following spells:

 Your Spells              Type           Power      Damage    Failure   Level
a - Freeze                Ice            100%       1d10      1%          1
b - Frozen Ramparts       Ice            62%        1d10      1%          3
c - Ozocubu's Armour      Ice            31%        N/A       1%          3

Your spell library contained the following spells:

 Spells                   Type           Power      Damage    Failure   Level
 Summon Ice Beast         Ice/Summ       18%        N/A       26%         4
 Ignite Poison            Fire/Tmut/Pois 4%         N/A       36%         3
 Anguish                  Hex/Necr       2%         N/A       78%         4
 Cause Fear               Hex            2%         N/A       78%         4
 Sticky Flame             Conj/Fire      4%         2d3       78%         4
 Enfeeble                 Hex            2%         N/A       100%        7
 Ignition                 Fire           2%         3d3       100%        8


Dungeon Overview and Level Annotations

Branches:
Dungeon (6/15)
 Temple: D:4-7

Altars:
Cheibriados
Nemelex Xobeh
Zin

Shops:
D:3 [   D:6 *

Annotations:
D:3 2 transporters


Innate Abilities, Weirdness & Mutations

((You are very nimble when in or above water. (Stealth+, EV+, Speed+++)))
Your lower body shifts to a powerful aquatic tail in water.


Message History

The wight completely resists.
The wall freezes the wight but does no damage.
The wight closely misses you.
You hit the wight.
The wight is heavily damaged.
The wight completely resists.
The wall freezes the wight but does no damage.
The wight barely misses you.
The wall freezes the wight but does no damage.
The wight barely misses you.
You barely miss the wight.
The wight is heavily damaged.
The wight resists.
The wall freezes the wight.
The wight barely misses you.
The wall freezes the wight but does no damage.
The wight barely misses you.
You barely miss the wight.
The wight is heavily damaged.
The frozen ramparts melt away.
The wight hits you with a +2 long sword of electrocution.
You feel drained. The wight hits you but does no damage.
The wight hits you with a +0 scimitar.
The wight hits you with a +2 long sword of electrocution.
You feel drained.
You are electrocuted!
Casting: Ozocubu's Armour (safe; 1% risk of failure)
Confirm with . or Enter, or press ? or * to list all spells.
Casting: Frozen Ramparts (safe; 1% risk of failure)
Press: ? - help, Dir - look around, f - activate The walls around you are covered in ice.
The wall freezes the wight but does no damage.
The wight hits you with a +2 long sword of electrocution.
You feel drained.
You are electrocuted!!
* * * LOW HITPOINT WARNING * * *
The wight completely resists.
The wall freezes the wight but does no damage.
The wight misses you.
You closely miss the wight.
The wight is heavily damaged.
The wall freezes the wight but does no damage.
The wight hits you with a +2 long sword of electrocution.
You die...

. ### ##### .. >. ...## ..
#######)########..#####..§§ .
....$.........@z.......§§§§8.
#.......###.z####.####.§§.8.
#.......# ##.......z.z.P§zP.
#...†...# ######...#..#.##.
#.......# #...##P8..#
#.......# #...##.P..#
#.......######...##P...#
#.................#....#
#.####.#######....###..#


You could see 2 wights.

Vanquished Creatures
  A steam dragon (D:6)
  A black bear (D:5)
  An ice beast (D:5)
  2 ogres (D:5)
  3 scorpions
  3 hounds
  2 orc priests (D:5)
  5 iguanas
  A sleepcap (D:5)
  Ijyb (D:4)
  2 orc wizards (D:5)
  11 gnolls
  A howler monkey skeleton (D:6)
  6 adders
  2 white imps
  2 worms
  3 dart slugs
  9 orcs
  5 endoplasms
  5 giant cockroaches
  5 goblins
  4 hobgoblins
  2 jackals (D:1)
  A quokka (D:1)
  4 ball pythons
  2 bats
  3 frilled lizards
  3 kobolds
  4 rats
94 creatures vanquished.

Notes
Turn   | Place    | Note
-------+----------+-------------------------------------------
     0 | D:1      | safid the Merfolk Ice Elementalist began the quest for the
                  | Orb.
     0 | D:1      | Reached XP level 1. HP: 13/13 MP: 3/3
   196 | D:1      | Reached XP level 2. HP: 16/20 MP: 3/5
   330 | D:1      | Reached skill level 1 in Fighting
   826 | D:1      | Found a faded altar of an unknown god.
   975 | D:2      | Reached XP level 3. HP: 26/26 MP: 6/6
  1161 | D:2      | Reached skill level 5 in Ice Magic
  1161 | D:2      | Reached XP level 4. HP: 28/33 MP: 8/8
  1502 | D:2      | Identified the +0 leather armour of Twilight {Int+3}
  1991 | D:3      | Learned a level 3 spell: Frozen Ramparts
  1995 | D:3      | Learned a level 3 spell: Ozocubu's Armour
  2012 | D:3      | Reached XP level 5. HP: 17/39 MP: 5/9
  2286 | D:3      | Found a transporter.
  2343 | D:3      | Found a transporter.
  2352 | D:3      | Found a snail-covered altar of Cheibriados.
  2472 | D:3      | Found Oceghewk's Armour Emporium.
  2780 | D:4      | Reached XP level 6. HP: 30/47 MP: 1/11
  3125 | D:3      | Bought a +1 cloak of stealth for 198 gold pieces
  3364 | D:4      | Reached skill level 6 in Ice Magic
  3415 | D:4      | Found a glowing silver altar of Zin.
  3511 | D:4      | Noticed Ijyb
  3519 | D:4      | Killed Ijyb
  3693 | D:4      | You fall into a shaft and drop 1 floor!
  3693 | D:5      | Entered Level 5 of the Dungeon
  3715 | D:5      | Reached XP level 7. HP: 47/54 MP: 7/13
  4349 | D:5      | Reached skill level 5 in Fighting
  4363 | D:5      | Reached skill level 7 in Ice Magic
  4379 | D:5      | Reached skill level 5 in Spellcasting
  4379 | D:5      | Reached XP level 8. HP: 25/62 MP: 7/15
  4665 | D:5      | Found a sparkling altar of Nemelex Xobeh.
  5317 | D:6      | Found Zexzul's General Store.
  5339 | D:6      | Bought a potion of heal wounds for 60 gold pieces
  5339 | D:6      | Bought a scroll of fog for 48 gold pieces
  5339 | D:6      | Bought a potion of curing for 36 gold pieces
  5339 | D:6      | Bought a scroll of identify for 24 gold pieces
  5452 | D:6      | Slain by a wight

Illustrated notes

Levels and vault maps discovered:
D:1:      onia_arrival_mini_spirals, layout_loops_cross,
          shapermc_ecumenical_altar_mp_vishouse, chequers_hall_statues_y
D:2:      layout_basic
D:3:      gammafunk_steamed_eel, layout_loops_ring, slow_altar_1, serial_shops,
          shop, chequers_mini_garden
D:4:      layout_loops_ring, zin_treasury, uniq_ijyb
D:5:      layout_loops_corners, mainiacjoe_overflow_24_doors, minivault_14,
          kennysheep_generic_room_4
D:6:      layout_basic, nicolae_tso_swordbearing_angel,
          minmay_temple_entry_ruins, cheibrodos_sewer_entry_bend, serial_undead,
          serial_undead_d, serial_undead_e, serial_undead_e, serial_undead_d,
          serial_shops, nicolae_square_shop, shop, shop,
          nicolae_shop_just_a_little_nook, uniq_pikel

Skill      XL: |  1  2  3  4  5  6  7  8 |
---------------+-------------------------+-----
Fighting       | 1 2 3 4 5 6 |  6.2
Ice Magic      | 5 6 7 |  7.7
Spellcasting   | 3 4 5 |  5.6
Dodging        | |  2.6
Stealth        | |  2.1

Action                     |  1- 3 |  4- 6 |  7- 9 || total
---------------------------+-------+-------+-------++-------
  Melee: Unarmed           |     9 |       |       ||     9
         Dagger            |     9 |       |       ||     9
         Whip              |    22 |   109 |    81 ||   212
         Punch             |       |       |     2 ||     2
   Cast: Freeze            |    19 |    17 |     3 ||    39
         Frozen Ramparts   |       |     9 |    12 ||    21
         Ozocubu's Armour  |       |     3 |     7 ||    10
    Use: Scroll            |       |       |     6 ||     6
   Stab: Sleeping          |     4 |     7 |     5 ||    16
 Armour: Robe              |    13 |    20 |    25 ||    58
  Dodge: Dodged            |    29 |    81 |    61 ||   171
